 Dungeon Crawl Stone Soup version 0.29-a0-380-gf50f0a9fbc (webtiles) character file.

Game seed: 16178630361486267619

15 Antichthon the Skirmisher (level 2, -1/25 HPs)
             Began as a Formicid Abyssal Knight on May 5, 2022.
             Was a Believer of Lugonu.
             Succumbed to an adder's poison
             ... on level 2 of the Dungeon.
             The game lasted 00:01:40 (912 turns).

Antichthon the Skirmisher (Formicid Abyssal Knight)  Turns: 912, Time: 00:01:41

Health: -1/25      AC:  6    Str: 17    XL:     2   Next: 65%
Magic:  3/3        EV:  9    Int:  9    God:    Lugonu [**....]
Gold:   26         SH:  0    Dex: 11    Spells: 1/1 levels left

rFire   . . .      SeeInvis +   b - +1 hand axe
rCold   . . .      Faith    .   (no shield)
rNeg    . . .      Spirit   .   c - +0 scale mail
rPois   .          Reflect  .   (helmet unavailable)
rElec   .          Harm     .   (no cloak)
rCorr   .          Rampage  .   (no gloves)
Will    .....                   (no boots)
Stlth   ..........              (no amulet)
HPRegen 0.08/turn               (no ring)
MPRegen 0.08/turn               (no ring)

@: lethally poisoned (-1 -> -9), attractive
A: permanent stasis, dig shafts and tunnels, antennae 3, four strong arms
a: Dig, Shaft Self, Renounce Religion, Depart the Abyss, Bend Space


You were on level 2 of the Dungeon.
You worshipped Lugonu.
Lugonu was pleased with you.
You visited 1 branch of the dungeon, and saw 2 of its levels.
You visited the Abyss 1 time.

You collected 26 gold pieces.

Inventory:

Hand Weapons
 a - a +0 arbalest
 b - a +1 hand axe (weapon)
Armour
 c - a +0 scale mail (worn)
Scrolls
 f - a scroll of magic mapping {unknown}
 g - 2 scrolls of identify {unknown}
 i - 3 scrolls of teleportation {unknown}
Potions
 e - a potion of might {unknown}
 h - a potion of mutation {unknown}


   Skills:
 * Level 3.6 Fighting
 - Level 2.0 Axes
 * Level 0.4 Crossbows
 * Level 2.2 Armour
 * Level 1.0 Dodging
 * Level 0.9 Stealth
 * Level 0.2 Shields
 * Level 2.3 Invocations
 * Level 0.1 Evocations


You had one spell level left.
You didn't know any spells.
Your spell library contained the following spells:

 Spells                   Type           Power      Damage    Failure   Level
 Slow                     Hex            0%         N/A       80%         1
 Corpse Rot               Necr/Air       0%         N/A       91%         2
 Poisonous Vapours        Pois/Air       0%         N/A       91%         2
 Confusing Touch          Hex            0%         N/A       99%         3
 Vampiric Draining        Necr           0%         2d6       99%         3


Dungeon Overview and Level Annotations

Branches:
Dungeon (2/15)

Altars:
Cheibriados


Innate Abilities, Weirdness & Mutations

You cannot be hasted, slowed, berserked, paralysed or teleported.
You can dig through walls and to a lower floor.
You have a pair of large antennae on your head. (SInv)
Your four strong arms can wield two-handed weapons with a shield.


Message History

b - a +1 hand axe (weapon)
The adder barely misses you.
Unknown command.
You closely miss the adder.
The adder is severely wounded.
You feel sick. The adder bites you but does no damage.
You hit the adder.
The adder is almost dead.
You feel sick.
You are no longer poisoned.
The adder bites you. The adder bites you but does no damage.
You miss the adder.
The adder is almost dead.
The adder bites you but does no damage. The adder closely misses you.
You closely miss the adder.
The adder is almost dead.
The adder bites you but does no damage.
You barely miss the adder.
The adder is almost dead.
The adder completely misses you. The adder bites you.
You miss the adder.
The adder is almost dead.
The adder bites you.
You are poisoned.
The adder poisons you!
You miss the adder.
The adder is almost dead.
You feel sick. The adder bites you.
* * * LOW HITPOINT WARNING * * *
You are lethally poisoned!
The adder poisons you! The adder barely misses you.
You hit the adder.
The adder is almost dead.
* * * LOW HITPOINT WARNING * * *
You feel sick. The adder bites you.
* * * LOW HITPOINT WARNING * * *
Unknown command.
It was a potion of attraction.
You feel attractive to monsters.
You die...

### ..#
#### #.#
..... #.#
###...#.##
......S@.#
.#..#....#
.......#
#..#..#..
... ...
.#. ..
.... <#..
. _..## .#
## .... .#


You could see an adder.

Vanquished Creatures
  A dart slug (D:1)
  2 endoplasms (D:1)
  3 jackals (D:1)
  A kobold (D:1)
  A ball python (D:1)
  3 bats (D:1)
  A frilled lizard (D:1)
12 creatures vanquished.

Notes
Turn   | Place    | Note
-------+----------+-------------------------------------------
     0 | Abyss:1  | Antichthon the Formicid Abyssal Knight began the quest for
                  | the Orb.
     0 | Abyss:1  | Reached XP level 1. HP: 18/18 MP: 2/2
     2 | Abyss:1  | Noticed a demonic crawler
     3 | D:1      | Escaped the Abyss
   251 | D:1      | Reached ** piety under Lugonu
   380 | D:1      | Reached XP level 2. HP: 24/24 MP: 3/3
   870 | D:1      | Reached skill level 1 in Dodging
   897 | D:2      | Found a snail-covered altar of Cheibriados.
   911 | D:2      | HP: 1/25 [adder (3)]
   912 | D:2      | Succumbed to an adder's poison

Illustrated notes

Levels and vault maps discovered:
D:1:      minmay_arrival_five_plusses, layout_loops_ring
D:2:      layout_basic, basic_altar, hellmonk_ecumenical_altar_run_dry,
          minmay_surrounded

Skill      XL: |  1  2 |
---------------+-------+-----
Dodging        | 1 |  1.0
Fighting       | |  3.6
Axes           | |  2.0
Crossbows      | |  0.4
Armour         | |  2.2
Stealth        | |  0.9
Shields        | |  0.2
Invocations    | |  2.3
Evocations     | |  0.1

Action                   || total
-------------------------++-------
Melee: Hand axe          ||    23
 Fire: Arbalest          ||    33
Invok: Depart the Abyss  ||     1
  Use: Potion            ||     1
Armor: Scale mail        ||    35
Dodge: Dodged            ||    40

Table legend: (Time is in decaauts)
 A = Elapsed time spent in this place.
 B = Non-inter-level travel time spent in this place.
 C = Inter-level travel time spent in this place.
 D = Time resting spent in this place.
 E = Time spent auto-exploring this place.
 F = Levels seen in this place.
 G = Mean time per level.
                   A        B        C        D        E       F      G
               +--------+--------+--------+--------+--------+-----+--------+
         Total |    945 |    928 |     17 |      0 |    768 |   3 |  315.0 |
       Dungeon |    942 |    925 |     17 |      0 |    768 |   2 |  471.0 |
         Abyss |      3 |      3 |      0 |      0 |      0 |   1 |    3.0 |
               +--------+--------+--------+--------+--------+-----+--------+

Top non-repeatable levels by time:
     D:1: 921 daAuts
     D:2: 20 daAuts
 Abyss:1: 3 daAuts
